 Dungeon Crawl Stone Soup version 0.19.1 (webtiles) character file.

1082 SQman the Cutter (level 8, -9/66 HPs)
             Began as a Vampire Chaos Knight on Dec 9, 2016.
             Shot with an arrow by a centaur (15 damage)
             ... on level 6 of the Dungeon.
             The game lasted 00:34:53 (3764 turns).

SQman the Cutter (Vampire Chaos Knight)             Turns: 3764, Time: 00:34:54

Health: -9/66      AC:  0    Str: 12      XL:     8   Next: 8%
Magic:  6/8        EV: 23    Int: 14      God:    Xom [....*.]
Gold:   283        SH:  0    Dex: 18 (20) Spells: 0 memorised, 7 levels left

rFire  . . .     SeeInvis +     (weapon currently unavailable)
rCold  . . .     Gourm    .     (armour currently unavailable)
rNeg   + . .     Faith    .     (shield currently unavailable)
rPois  .         Spirit   .     (helmet currently unavailable)
rElec  .         Reflect  .     (cloak currently unavailable)
rCorr  .         Harm     .     (gloves currently unavailable)
MR     .....                    (boots currently unavailable)
Stlth  +++++.....               (no amulet)
                                (ring currently unavailable)
                                (ring currently unavailable)

@: bat-form, flying, very quick
A: (claws 0), fangs 3, see invisible, (fire resistance 0), (poison resistance),
robust 1, (unbreathing)
a: End Transformation, Renounce Religion


You were on level 6 of the Dungeon.
You worshipped Xom.
You were a beloved toy of Xom.
You were not thirsty.
You were in vampire-bat-form.
You visited 1 branch of the dungeon, and saw 6 of its levels.

You collected 283 gold pieces.

Inventory:

Hand Weapons
 a - a +0 short sword of chaos
 g - a +1 dagger of electrocution
 i - a +4 quarterstaff of chaos (melded)
Missiles
 d - 61 bolts
 l - 93 stones
 m - 3 tomahawks of returning (quivered)
Armour
 b - a +2 leather armour (melded)
 e - a +0 cloak
 j - a +0 cloak (melded)
 s - a +0 leather armour
 v - a +0 leather armour
Rods
 n - a +2 lightning rod (13/13)
   (You found it on level 3 of the Dungeon)
Jewellery
 f - a +1 ring of protection (melded)
 k - an uncursed ring of ice
 t - the ring of Hihoben (melded) {rF+ Str+4}
   (You found it on level 4 of the Dungeon)

   [ring of strength]

   It affects your strength (+4).
   It protects you from fire.
 u - a -5 ring of strength
Wands
 w - a wand of polymorph (4/24)
Scrolls
 o - 2 scrolls of remove curse
 p - 2 scrolls of teleportation
Potions
 c - 27 potions of blood
 h - 3 potions of curing
 q - a potion of haste
 r - a potion of brilliance


   Skills:
 + Level 3.7 Fighting
 + Level 6.3 Short Blades
 + Level 3.4 Staves
 + Level 0.5 Throwing
 + Level 3.0 Armour
 + Level 4.3 Dodging
 + Level 4.0 Stealth
 + Level 0.3 Evocations


You had 7 spell levels left.
You didn't know any spells.

Dungeon Overview and Level Annotations

Branches:
Dungeon (6/15)             Temple (0/1) D:5

Altars:
Fedhas
Xom

Shops:
D:6 [


Innate Abilities, Weirdness & Mutations

You have razor-sharp teeth.
You have supernaturally acute eyesight. (SInv)
((You can survive without breathing.))
((You have sharp fingernails.))
((Your flesh is heat resistant. (rF+)))
((Your system is resistant to poisons. (rPois)))
You are robust. (+10% HP)


Message History

Your +4 quarterstaff of chaos melds into your body.
Your +0 cloak melds into your body.
Your +2 leather armour melds into your body.
Your +1 ring of protection melds into your body.
The ring of Hihoben {rF+ Str+4} melds into your body.
You feel weaker.
The crimson imp picks up a beetle and eats it.
The centaur shoots an arrow.
The arrow hits you!
* * * LOW HITPOINT WARNING * * *
The jackal barks!
A jackal comes into view.
Things that are here:
2 arrows; 5 gold pieces The centaur shoots an arrow.
The arrow hits you!
* * * LOW HITPOINT WARNING * * *
The jackal barks!
You see here an arrow.
The centaur shoots an arrow.
The arrow hits you!
You die...
Xom titters!

...#. ... ...#.# ...
...... ... .h.5.. #.#
...h#.####.# #
...........# #.#
#.c...§Y..# #.####.
#.....§(..###......
#.....§b§.##......##
#............# #.<##
#...........######..##
#######...#.###......##.
#.∩.#..##.........
#......#..)....<(...
..##.#.###...%...##. #.#
#.#.# #.......# . #.
##.#.###.......#


You could see an ice beast, a centaur and 2 jackals.

Vanquished Creatures
  A two-headed ogre (D:6)
  Duvessa (D:5)
  A black bear (D:4)
  2 centaurs
  A crocodile (D:4)
  Dowan (D:5)
  A killer bee (shapeshifter) (D:5)
  A hound (D:6)
  Crazy Yiuf (D:2)
  A bullfrog skeleton (D:5)
  A worker ant (D:4)
  6 adders
  2 river rats (D:6)
  A shadow imp (D:5)
  An ooze (D:6)
  An adder skeleton (D:5)
  A worm (D:4)
  A dart slug (D:4)
  2 leopard geckos
  2 orcs (D:3)
  A giant cockroach (D:1)
  5 goblins
  4 hobgoblins
  9 jackals
  5 ball pythons
  5 bats
  A frilled lizard (D:2)
  3 kobolds
  A leopard gecko zombie (D:5)
  5 rats
68 creatures vanquished.

Vanquished Creatures (collateral kills)
  A centaur skeleton (D:5)
  2 orc wizards (D:3)
  2 adders (D:3)
  A leopard gecko (D:3)
  An orc (D:3)
7 creatures vanquished.

Vanquished Creatures (others)
  A scorpion (D:5)
  A hound (D:5)
2 creatures vanquished.

Grand Total: 77 creatures vanquished

Notes
Turn   | Place    | Note
-------+----------+-------------------------------------------
     0 | D:1      | SQman the Vampire Chaos Knight began the quest for the Orb.
     0 | D:1      | Reached XP level 1. HP: 17/17 MP: 1/1
   179 | D:1      | XOM: silly message
   301 | D:1      | Reached XP level 2. HP: 18/23 MP: 2/2
   355 | D:1      | XOM: harmless Erth miscast
   714 | D:1      | Reached skill level 4 in Short Blades
   732 | D:2      | Reached skill level 1 in Armour
  1114 | D:2      | Reached XP level 3. HP: 27/29 MP: 3/3
  1221 | D:2      | Found a runed door.
  1225 | D:2      | Noticed Crazy Yiuf
  1242 | D:2      | Killed Crazy Yiuf
  1296 | D:2      | Reached skill level 1 in Stealth
  1496 | D:2      | XOM: harmless Fire miscast
  1546 | D:2      | Found a shimmering altar of Xom.
  1772 | D:2      | XOM is BORED!
  1772 | D:2      | XOM: noise
  1777 | D:3      | XOM: stealth player
  1785 | D:3      | Reached XP level 4. HP: 35/35 MP: 4/4
  1788 | D:3      | XOM: summons friendly iron imp
  2301 | D:4      | XOM: noise
  2301 | D:4      | Noticed a crocodile
  2304 | D:4      | XOM: fog
  2352 | D:4      | Killed a crocodile
  2352 | D:4      | Reached XP level 5. HP: 14/41 MP: 5/5
  2368 | D:4      | Found a blossoming altar of Fedhas.
  2393 | D:4      | XOM: god gift: 11 potions of blood
  2463 | D:4      | Noticed a black bear
  2468 | D:4      | Killed a black bear
  2468 | D:4      | Reached skill level 5 in Short Blades
  2468 | D:4      | Reached XP level 6. HP: 47/47 MP: 6/6
  2577 | D:4      | Got a slimy iron ring
  2728 | D:4      | Identified the ring of Hihoben {rF+ Str+4} (You found it on level 4 of the Dungeon)
  2950 | D:5      | Entered Level 5 of the Dungeon
  3020 | D:5      | Noticed Duvessa
  3020 | D:5      | Noticed Dowan
  3115 | D:5      | Reached XP level 7. HP: 45/52 MP: 7/7
  3125 | D:5      | Killed Duvessa
  3125 | D:5      | Reached skill level 6 in Short Blades
  3125 | D:5      | Reached skill level 1 in Staves
  3138 | D:5      | Killed Dowan
  3157 | D:5      | XOM: summons friendly white imp
  3181 | D:5      | Found a staircase to the Ecumenical Temple.
  3392 | D:5      | XOM: divine lightning (protected)
  3541 | D:6      | Noticed a two-headed ogre
  3542 | D:6      | XOM: enchant monster (good)
  3546 | D:6      | Killed a two-headed ogre
  3589 | D:6      | XOM: stat loss: -1 Dex (12/15)
  3645 | D:6      | Reached XP level 8. HP: 44/60 MP: 8/8
  3668 | D:6      | XOM: cloud trail
  3695 | D:6      | XOM: give mutations
  3695 | D:6      | Gained mutation: Your system is resistant to poisons. (rPois) [Xom's grace]
  3695 | D:6      | Gained mutation: Your flesh is heat resistant. (rF+) [Xom's grace]
  3695 | D:6      | Gained mutation: You have sharp fingernails. [Xom's grace]
  3695 | D:6      | Gained mutation: You are robust. (+10% HP) [Xom's grace]
  3750 | D:6      | Found Gacy's Antique Armour Emporium.
  3764 | D:6      | Shot with an arrow by a centaur

Skill      XL: |  1  2  3  4  5  6  7 |
---------------+----------------------+-----
Fighting       | 3 |  3.7
Short Blades   | 4 5 6 |  6.3
Armour         | 1 2 3 |  3.0
Stealth        | 1 2 3 4 |  4.0
Dodging        | 3 4 |  4.3
Staves         | 3 |  3.4
Throwing       | |  0.5
Evocations     | |  0.3

Action                   |  1- 3 |  4- 6 |  7- 9 || total
-------------------------+-------+-------+-------++-------
Melee: Short sword       |    93 |   101 |       ||   194
       Bite              |     8 |     5 |     3 ||    16
       Quarterstaff      |       |     7 |    54 ||    61
Throw: Stone             |     1 |       |       ||     1
       Tomahawk          |       |     7 |       ||     7
 Abil: Bat Form          |       |     1 |     1 ||     2
       End Transformatio |       |     1 |       ||     1
Evoke: Rod               |       |     3 |       ||     3
       Wand              |       |       |     3 ||     3
  Use: Scroll            |     3 |     6 |     1 ||    10
       Potion            |     7 |    12 |     1 ||    20
 Stab: Petrifying        |     2 |       |       ||     2
       Petrified         |     1 |       |       ||     1
       Sleeping          |       |     1 |     2 ||     3
Armor: Leather armour    |    35 |    33 |    17 ||    85
Dodge: Dodged            |    54 |    82 |    36 ||   172
